 Dungeon Crawl Stone Soup version 0.16.1-2-g95b8d4c (webtiles) character file.

48 JustSomeDude the Firebug (level 3, 0/21 HPs)
             Began as an Octopode Fire Elementalist on Mar 25, 2015.
             Succumbed to an adder's poison
             ... on level 2 of the Dungeon.
             The game lasted 00:08:15 (1024 turns).

JustSomeDude the Firebug (OpFE)                     Turns: 1024, Time: 00:08:15

Health: 0/21       AC:  1    Str:  7    XL:     3   Next: 72%
Magic:  5/6        EV: 12    Int: 18    God:
Gold:   57         SH:  0    Dex: 12    Spells: 1 memorised, 6 levels left

rFire  + . .     SeeInvis .     (no weapon)
rCold  x . .     Clarity  .     (no shield)
rNeg   . . .     SustAb   .     (helmet restricted)
rPois  .         Gourm    .     (no amulet)
rElec  .         Spirit   .     f - ring of wizardry
rCorr  .         Warding  .     h - ring of fire
rMut   .         Stasis   .     (no ring)
MR     .....                    (no ring)
Stlth  +++.......               (no ring)
                                (no ring)
                                (no ring)
                                (no ring)

@: lethally poisoned (0 -> -8), flying, not resistant to hostile enchantments,
fairly stealthy
A: almost no armour, amphibious, 8 rings, constrict 8, camouflage 1, gelatinous
body 1
a: no special abilities


You were on level 2 of the Dungeon.
You were not hungry.

You visited 1 branch of the dungeon, and saw 2 of its levels.

You collected 57 gold pieces.

Inventory:

Missiles
 j - 16 poisoned needles
 o - 6 tomahawks of dispersal (quivered)
Jewellery
 e - an uncursed ring of stealth {unknown}
 f - a ring of wizardry (left tentacle)
 h - a ring of fire (right tentacle)
Scrolls
 g - a scroll of identify
Potions
 k - a potion of brilliance
Books
 b - a book of Flames

   Spells                             Type                      Level
   a - Flame Tongue                   Conjuration/Fire             1
   b - Throw Flame                    Conjuration/Fire             2
   c - Conjure Flame                  Conjuration/Fire             3
   d - Inner Flame                    Hexes/Fire                   3
   e - Sticky Flame                   Conjuration/Fire             4
   f - Fireball                       Conjuration/Fire             5
Comestibles
 c - 3 bread rations
 d - 3 meat rations
 i - 4 fruits


   Skills:
 + Level 0.2 Fighting
 + Level 2.2 Dodging
 + Level 2.9 Stealth
 + Level 0.2 Unarmed Combat
 + Level 2.5 Spellcasting
 + Level 1.0 Conjurations
 + Level 3.8 Fire Magic


You had 6 spell levels left.
You knew the following spells:

 Your Spells              Type           Power        Failure   Level  Hunger
a - Flame Tongue          Conj/Fire      ###..        3%          1    #......


Dungeon Overview and Level Annotations

Branches:
Dungeon (2/15)

Altars:


Innate Abilities, Weirdness & Mutations

You cannot wear most types of armour.
You are amphibious.
You can wear up to eight rings at the same time.
You can use your tentacles to constrict many enemies at once.
Your skin changes colour to match your surroundings (Stealth).
Your rubbery body absorbs attacks (AC +1).


Message History

You constrict the adder. The adder barely misses you.
You barely miss the adder.
The adder is moderately wounded.
You constrict the adder. The adder bites you.
You are poisoned.
The adder poisons you! The adder bites you.
* * * LOW HITPOINT WARNING * * *
You are more poisoned.
The adder poisons you!
It was a potion of flight.
You feel very buoyant.
You fly up into the air.
You constrict the adder.
* * * LOW HITPOINT WARNING * * *
You feel sick. The adder misses you.
You tentacle-slap the adder.
You kill the adder!
* * * LOW HITPOINT WARNING * * *
You feel sick.
You continue eating.
You die...

#.###.######.#.#########
#.#.## #............
#.## #.....#######
###.#### #.....#
..>....## #.....#
###.##..## ###.### #
#..)...# #.# ####
######..## ##+###....#
........# ##...@'.#
#######.####.....#..#
#........##......# ...#
#.#......†..[....# ###
#..................+
#.#.)..............# #
##......#.......##
#.#.#..##.....##
#.#.#..###...##


There were no monsters in sight!

Vanquished Creatures
  2 adders (D:2)
  A giant mite (D:1)
  A giant cockroach (D:1)
  6 hobgoblins
  2 jackals (D:1)
  3 kobolds
  5 bats
  4 goblins (D:1)
  3 rats
27 creatures vanquished.

Notes
Turn   | Place    | Note
--------------------------------------------------------------
     0 | D:1      | JustSomeDude, the Octopode Fire Elementalist, began the quest for the Orb.
     0 | D:1      | Reached XP level 1. HP: 11/11 MP: 3/3
    76 | D:1      | Reached XP level 2. HP: 13/17 MP: 2/4
   678 | D:1      | Reached XP level 3. HP: 21/21 MP: 2/6
  1022 | D:2      | HP: 1/21 [poisoned by an adder]
  1024 | D:2      | Succumbed to an adder's poison

Action                   || total
-------------------------++-------
Melee: Unarmed           ||    33
 Cast: Flame Tongue      ||    28
  Use: Potion            ||     6
       Scroll            ||     4
  Eat: Royal jelly       ||     1
